 Dungeon Crawl Stone Soup version 0.28.0-53-g5a82cb258f (webtiles) character file.

Game seed: 7684971875671837286

8 melloss the Sneak (level 2, 0/13 HPs)
             Began as a Spriggan Enchanter on June 7, 2022.
             Slain by a jackal (3 damage)
             ... on level 1 of the Dungeon.
             The game lasted 00:01:03 (526 turns).

melloss the Sneak (Spriggan Enchanter)               Turns: 526, Time: 00:01:03

Health: 0/13       AC:  2    Str:  4    XL:     2   Next: 0%
Magic:  6/6        EV: 17    Int: 16    God:
Gold:   0          SH:  0    Dex: 15    Spells: 6/6 levels left

rFire   . . .      SeeInvis +   a - +1 dagger
rCold   . . .      Faith    .   (no shield)
rNeg    . . .      Spirit   .   b - +0 robe
rPois   .          Reflect  .   (helmet restricted)
rElec   .          Harm     .   (no cloak)
rCorr   .          Rampage  .   (gloves unavailable)
Will    .....                   (boots unavailable)
Stlth   +++.......              (no amulet)
HPRegen 0.04/turn               (no ring)
MPRegen 0.10/turn               (no ring)

@: very quick
A: very small, no large weapons, unfitting armour, see invisible, speed 3
a: no special abilities


You were on level 1 of the Dungeon.
You visited 1 branch of the dungeon, and saw 2 of its levels.

Inventory:

Hand Weapons
 a - a +1 dagger (weapon)
Armour
 b - a +0 robe (worn)
Scrolls
 d - a scroll of magic mapping {unknown}
 e - a scroll of identify {unknown}
Potions
 c - a potion of invisibility
 f - a potion of heal wounds {unknown}


   Skills:
 - Level 1.1 Short Blades
 + Level 3.2 Dodging
 + Level 4.9 Stealth
 - Level 2.6 Spellcasting
 - Level 3.6 Hexes


You had 6 spell levels left.
You didn't know any spells.
Your spell library contained the following spells:

 Spells                   Type           Power      Damage    Failure   Level
 Confusing Touch          Hex            13%        N/A       13%         3
 Tukima's Dance           Hex            13%        N/A       13%         3
 Ensorcelled Hibernation  Hex/Ice        14%        N/A       14%         2
 Dazzling Flash           Conj/Hex       14%        N/A       28%         3


Dungeon Overview and Level Annotations

Branches:
Dungeon (2/15)

Altars:


Innate Abilities, Weirdness & Mutations

You are very small and have problems with some larger weapons.
You are too small for most types of armour.
You have supernaturally acute eyesight. (SInv)
You cover ground extremely quickly. (Speed+++)


Message History

The jackal bites you but does no damage.
The jackal misses you.
The jackal bites you but does no damage.
There is a stone staircase leading down here.
The jackal barely misses you. The rat misses you.
You closely miss the rat. The jackal bites you. The rat closely misses you.
You hit the rat.
The rat is heavily wounded.
The jackal completely misses you. The rat bites you.
You closely miss the rat.
The rat is heavily wounded.
The jackal barely misses you. x2; The rat closely misses you.
You barely miss the rat.
The rat is heavily wounded.
The jackal completely misses you. The rat misses you.
You hit the rat but do no damage.
The rat is heavily wounded.
The jackal completely misses you. The rat bites you.
You hit the rat.
You kill the rat!
The jackal misses you. The jackal closely misses you.
You have reached level 2!
You see here a rat corpse.
An endoplasm comes into view.
The endoplasm quivers.
An endoplasm, a hobgoblin and a jackal come into view.
The hobgoblin shouts!
The jackal barks!
You hear a bark!
A jackal comes into view.
The endoplasm misses you.
A jackal comes into view.
A ball python comes into view.
The jackal moves out of view.
A jackal comes into view.
Found a scroll labelled VUDIGA EMETS.
Found a stone staircase leading down.
The endoplasm quivers.
The jackal barks! x2
The jackal bites you.
* * * LOW HITPOINT WARNING * * *
The jackal bites you.
You die...

....## .....# ######
.....# .....## .....#
##.......
...>.###########........
.......†h.h.h...........
.....##########h........
....## #.J....... ...##
#.@.g..... .#####
#hh....... ......
#..J...... .....
.......... .#...
.#.....S... .###.#
###...h..... .###.#.#
...h...... .......#.
##..>...?# ..#......


You could see 2 endoplasms, 5 jackals, a hobgoblin and a ball python
(wandering).

Vanquished Creatures
  An endoplasm (D:1)
  A giant cockroach (D:2)
  A goblin (D:1)
  2 hobgoblins (D:1)
  A ball python (D:1)
  A rat (D:1)
7 creatures vanquished.

Notes
Turn   | Place    | Note
-------+----------+-------------------------------------------
     0 | D:1      | melloss the Spriggan Enchanter began the quest for the Orb.
     0 | D:1      | Reached XP level 1. HP: 9/9 MP: 5/5
   515 | D:1      | Reached XP level 2. HP: 4/13 MP: 6/6
   526 | D:1      | Slain by a jackal

Illustrated notes

Levels and vault maps discovered:
D:1:      kennysheep_arrival_forest, layout_rooms
D:2:      layout_basic

Skill      XL: |  1 |
---------------+----+-----
Dodging        | 3 |  3.2
Short Blades   | |  1.1
Stealth        | |  4.9
Spellcasting   | |  2.6
Hexes          | |  3.6

Action                   || total
-------------------------++-------
Melee: Dagger            ||    46
       Punch             ||     2
Armor: Robe              ||     5
Dodge: Dodged            ||    58
